 Dungeon Crawl Stone Soup version 0.30-a0-743-gbfdf073431 (webtiles) character file.

Game seed: 9856389550385426213

4664 ragingrage the Grappler (level 10, -9/81 HPs)
             Began as a Troll Chaos Knight on Feb 5, 2023.
             Was a Plaything of Xom.
             Mangled by a cyclops (24 damage)
             ... on level 7 of the Dungeon.
             The game lasted 00:07:58 (4827 turns).

ragingrage the Grappler (Troll Chaos Knight)        Turns: 4827, Time: 00:07:59

Health: -9/81      AC: 10    Str: 28    XL:     10   Next: 20%
Magic:  0/9        EV:  9    Int: 15    God:    Xom [.*....]
Gold:   261        SH:  0    Dex:  9    Spells: 9/9 levels left

rFire   . . .      SeeInvis .      - Unarmed
rCold   . . .      Faith    .    (no shield)
rNeg    . . .      Spirit   +    a - +2 robe
rPois   +          Reflect  .    i - +2 hat
rElec   .          Harm     .    m - +1 cloak
rCorr   .          Rampage  .    (gloves unavailable)
Will    .....                    (boots unavailable)
Stlth   +                        t - amulet of guardian spirit
HPRegen 1.13/turn                K - ring of Recklessness {rC- Str+6 Int+3 Slay+4}
MPRegen 0.11/turn                D - ring of protection from cold

@: about to teleport, unable to drink
A: large, unfitting armour, claws 3, regeneration 1, shaggy fur 1, tough skin 1,
frail 1, poison resistance, inability to drink after injury 1
a: Renounce Religion


You were on level 7 of the Dungeon.
You worshipped Xom.
You were a plaything of Xom.
You visited 2 branches of the dungeon, and saw 8 of its levels.
You also visited: Ossuary.

You collected 636 gold pieces.
You spent 375 gold pieces at shops.

Inventory:

Hand Weapons
 l - a +1 shortbow of freezing
Missiles
 u - 16 poisoned darts
 M - 5 large rocks
Armour
 a - a +2 robe (worn)
 i - a +2 hat (worn)
 m - a +1 cloak (worn)
Jewellery
 t - an amulet of guardian spirit (around neck)
 A - a ring of positive energy
 D - a ring of protection from cold (right claw)
 F - a +6 ring of intelligence
 K - the ring of Recklessness (left claw) {rC- Str+6 Int+3 Slay+4}
   (You acquired it on level 6 of the Dungeon)

   [ring of strength]

   Str:       It affects your strength (+6).
   Int:       It affects your intelligence (+3).
   Slay:      It affects your accuracy & damage with ranged weapons and melee
   (+4).
   rC:        It makes you vulnerable to cold.
 L - a +4 ring of protection
Wands
 w - a wand of mindburst (15)
 y - a wand of iceblast (10)
Scrolls
 c - a scroll of fear {unknown}
 f - 4 scrolls of fog
 h - a scroll of silence {unknown}
 k - 3 scrolls of enchant weapon {unknown}
 r - 4 scrolls of teleportation
 s - 2 scrolls of enchant armour
 B - 2 scrolls of noise {unknown}
 E - a scroll of immolation {unknown}
 G - a scroll of amnesia {unknown}
 H - 3 scrolls of poison
 I - a scroll of blinking {unknown}
 J - a scroll of identify
Potions
 d - a potion of brilliance {unknown}
 e - 12 potions of curing
 g - 5 potions of mutation
 j - 3 potions of flight
 n - 2 potions of attraction
 o - 2 potions of heal wounds
 p - 2 potions of magic {unknown}
 q - 2 potions of ambrosia
 v - 2 potions of lignification {unknown}
 x - a potion of berserk rage
 z - a potion of cancellation {unknown}
 C - a potion of haste {unknown}
Miscellaneous
 b - a piece from Xom's chessboard (15/15) (quivered)


   Skills:
 + Level 3.4 Fighting
 - Level 1.9 Dodging
 + Level 14.4 Unarmed Combat
 + Level 2.0 Evocations


You had 9 spell levels left.
You didn't know any spells.
Your spell library contained the following spells:

 Spells                   Type           Power      Damage    Failure   Level
 Slow                     Hex            0%         N/A       26%         1
 Confusing Touch          Hex            0%         N/A       63%         3
 Dazzling Flash           Conj/Hex       0%         N/A       63%         3
 Vampiric Draining        Necr           0%         2d6       63%         3
 Agony                    Necr           0%         N/A       100%        5
 Alistair's Intoxication  Tmut/Pois      0%         N/A       100%        5
 Borgnjor's Vile Clutch   Necr/Erth      0%         N/A       100%        5
 Silence                  Hex/Air        0%         N/A       100%        5
 Eringya's Noxious Bog    Tmut/Pois      0%         N/A       100%        6


Dungeon Overview and Level Annotations

Branches:
Dungeon (7/15)             Temple (1/1) D:4         Ossuary (visited)

Altars:
Cheibriados
Dithmenos
Elyvilon
Fedhas
Gozag
Kikubaaqudgha
Nemelex Xobeh
Okawaru
Qazlal
Sif Muna
Trog
Uskayaw
Vehumet
Wu Jian
Xom
Yredelemnul
Zin
The Shining One

Shops:
D:2 :   D:6 [   D:7 *


Innate Abilities, Weirdness & Mutations

You are too large for most types of armour.
You have claws for hands.
Your natural rate of healing is unusually fast.
You are covered in fur. (AC +1)
You have tough skin. (AC +1)
You are frail. (-10% HP)
Your system is resistant to poisons. (rPois)
You occasionally lose the ability to drink potions when taking damage.


Message History

The puff of flame hits you.
You claw the orc wizard! Your claw misses the orc wizard.
The orc wizard is severely wounded.
The orc wizard hits you but does no damage.
You mangle the orc wizard!!
You kill the orc wizard!
A cyclops comes into view.
The cyclops shouts!
The cyclops throws a large rock.
The large rock barely misses you.
Items here: ( ) = [ †.
M - 5 large rocks A cyclops comes into view.
The cyclops shouts!
The cyclops throws a large rock.
The large rock hits you!!!
Ouch! That really hurt!
* * * LOW HITPOINT WARNING * * *
The cyclops throws a large rock.
The large rock barely misses you.
Items here: ) = [ †.
You mangle the cyclops!!
The cyclops is heavily wounded.
The cyclops hits you.
* * * LOW HITPOINT WARNING * * *
You claw the cyclops!
The cyclops is heavily wounded.
You feel much better. The cyclops hits you!!
You feel threatened and lose the ability to drink potions!
* * * LOW HITPOINT WARNING * * *
You cannot drink potions in your current state!
There are monsters nearby!
As you read the scroll of teleportation, it crumbles to dust.
You feel strangely unstable. The cyclops barely misses you.
You mangle the cyclops!!
The cyclops is almost dead.
You mangle the cyclops!!
You kill the cyclops!
Xom adds some personal touches to your environment.
Your Evocations skill increases to level 2!
The cyclops hits you!!
You die...
Xom bursts into laughter!

#######......# ###
#......_.....# #..
#........_...# #..
#............# #..
#.:.>._......#######.
#....._...####..#..#.
....###)###.......#....
... #.#.###......#....
. #@#.# ##..........
#C#.# ########... #.#.#
#... #.#.# #... _....
#... #.#.# #... #.#.#
#.## #.# #... ##..


You could see a cyclops.

Vanquished Creatures
  A cyclops (shapeshifter) (D:5)
  Pikel (D:5)
  2 cyclopes (D:7)
  Menkaure (D:6)
  A water moccasin (D:7)
  2 ice beasts
  An orc warrior (D:7)
  2 black bears
  A sky beast (D:7)
  An ogre (D:4)
  3 centaurs
  A lemure (D:5)
  2 phantoms
  A kobold brigand (D:7)
  3 bullfrogs
  2 necrophages
  A scorpion (D:6)
  A water moccasin zombie (D:5)
  6 killer bees (D:7)
  3 bullfrog zombies (D:5)
  A centaur zombie (D:5)
  A jelly (D:6)
  5 hounds
  3 orc priests
  3 iguanas
  A scorpion zombie (D:5)
  8 orc wizards
  Ijyb (D:4)
  8 mummies (Ossuary)
  8 adders
  2 white imps
  An ufetubus (D:4)
  3 dart slugs
  2 worms
  27 orcs
  7 ball pythons
  5 bats
  10 endoplasms
  7 goblins
  7 hobgoblins
  3 jackals (D:5)
  3 quokkas
  A frilled lizard (D:1)
  3 gnoll zombies (Ossuary)
  2 hobgoblin zombies (Ossuary)
  14 kobolds
  3 kobold zombies (Ossuary)
  6 rats
181 creatures vanquished.

Vanquished Creatures (collateral kills)
  An orc priest (D:3)
  An orc (D:3)
  A giant cockroach (D:4)
3 creatures vanquished.

Vanquished Creatures (others)
  A sky beast (D:6)
  2 withered plants (D:5)
3 creatures vanquished.

Grand Total: 187 creatures vanquished

Notes
Turn   | Place    | Note
-------+----------+-------------------------------------------
     0 | D:1      | ragingrage the Troll Chaos Knight began the quest for the
                  | Orb.
     0 | D:1      | Reached XP level 1. HP: 22/22 MP: 0/0
   141 | D:1      | Reached XP level 2. HP: 29/29 MP: 1/1
   197 | D:1      | XOM: silly message
   219 | D:1      | XOM: divination: detect creatures
   334 | D:1      | Found a faded altar of an unknown god.
   383 | D:1      | XOM: divination: detect items
   530 | D:2      | Reached skill level 4 in Unarmed Combat
   543 | D:2      | Reached XP level 3. HP: 36/36 MP: 2/2
   546 | D:2      | XOM: silly message
   603 | D:2      | XOM: 6-stop teleportation journey
   883 | D:2      | Found Optu's Book Emporium.
  1031 | D:3      | Noticed a black bear
  1118 | D:3      | XOM is BORED!
  1122 | D:3      | Noticed a necrophage
  1134 | D:3      | XOM: 7-stop teleportation journey
  1145 | D:3      | Killed a necrophage
  1146 | D:3      | Reached skill level 5 in Unarmed Combat
  1146 | D:3      | Reached XP level 4. HP: 41/44 MP: 3/3
  1174 | D:3      | Found a sparkling altar of Nemelex Xobeh.
  1225 | D:3      | XOM: give mutation
  1225 | D:3      | Gained mutation: You occasionally lose the ability to drink
                  | potions when taking damage. [Xom's mischief]
  1401 | D:3      | XOM: summons 4 friendly demons
  1405 | D:3      | Reached XP level 5. HP: 38/50 MP: 2/4
  1411 | D:3      | Reached skill level 6 in Unarmed Combat
  1441 | D:3      | XOM: god gift: 2 lumpy amethyst potions {god gift}
  1567 | D:3      | Killed a black bear
  1686 | D:3      | Reached XP level 6. HP: 59/59 MP: 5/5
  1818 | D:4      | XOM: summons friendly crimson imp
  1833 | D:4      | Reached skill level 7 in Unarmed Combat
  1880 | D:4      | Noticed Ijyb
  1890 | D:4      | Killed Ijyb
  1918 | D:4      | Found a staircase to the Ecumenical Temple.
  1958 | D:4      | XOM: divination: detect items
  1980 | D:4      | XOM: 1-stop teleportation journey
  2068 | D:4      | XOM: divination: detect creatures
  2130 | D:4      | Reached skill level 8 in Unarmed Combat
  2131 | D:4      | Reached XP level 7. HP: 64/66 MP: 6/6
  2145 | D:4      | XOM: 7-stop teleportation journey
  2163 | Temple   | Entered the Ecumenical Temple
  2477 | D:4      | XOM: summons 1 hostile demon
  2507 | D:4      | XOM: give mutations
  2507 | D:4      | Gained mutation: Your system is resistant to poisons.
                  | (rPois) [Xom's mischief]
  2507 | D:4      | Gained mutation: You are frail. (-10% HP) [Xom's mischief]
  2587 | D:4      | XOM: noise
  2593 | D:4      | XOM: smoke on damage
  2627 | D:4      | Reached skill level 9 in Unarmed Combat
  2711 | D:5      | Entered Level 5 of the Dungeon
  2728 | D:5      | XOM: enchant monster (bad)
  2729 | D:5      | XOM: cast spell 'Statue Form'
  2735 | D:4      | XOM: silly message
  2736 | D:4      | XOM: enchant monster (good)
  2778 | D:5      | You fall into a shaft and drop 1 floor!
  2808 | D:6      | Reached XP level 8. HP: 61/66 MP: 5/7
  2810 | D:6      | Reached skill level 10 in Unarmed Combat
  2825 | D:6      | Noticed Menkaure
  2830 | D:6      | Killed Menkaure
  2846 | D:5      | XOM: noise
  2984 | D:5      | Reached skill level 11 in Unarmed Combat
  3023 | D:5      | Found a sand-covered staircase.
  3031 | Ossuary  | Entered an ossuary
  3106 | Ossuary  | XOM: divination: detect items
  3126 | Ossuary  | XOM: silly message
  3293 | D:5      | Noticed Pikel
  3325 | D:5      | XOM: divination: magic mapping
  3328 | D:5      | XOM: silly message
  3329 | D:5      | Killed Pikel
  3330 | D:5      | Reached skill level 12 in Unarmed Combat
  3330 | D:5      | Reached XP level 9. HP: 72/72 MP: 8/8
  3525 | D:5      | XOM: stat loss: -1 Int (11/12)
  3536 | D:5      | XOM: summons 4 hostile shadow creatures
  3581 | D:5      | Found a stormy altar of Qazlal.
  3729 | D:5      | Found a shimmering blue altar of Sif Muna.
  3803 | D:5      | a scorpion changed into a glowing shapeshifter
  3803 | D:5      | Noticed a glowing shapeshifter (glowing shapeshifter)
  3803 | D:5      | XOM: polymorph scorpion -> glowing shapeshifter
  3803 | D:5      | a glowing shapeshifter changed into a dream sheep
  3806 | D:5      | a dream sheep changed into a glowing orange brain
  3806 | D:5      | Noticed a glowing orange brain (glowing shapeshifter)
  3807 | D:5      | a glowing orange brain changed into a glowing shapeshifter
  3807 | D:5      | Noticed a glowing shapeshifter (glowing shapeshifter)
  3807 | D:5      | XOM: polymorph glowing orange brain -> glowing shapeshifter
  3807 | D:5      | a glowing shapeshifter changed into a merfolk
  3807 | D:5      | Noticed a merfolk (glowing shapeshifter)
  3809 | D:5      | XOM: repel stairs
  3810 | D:5      | a merfolk changed into a two-headed ogre
  3810 | D:5      | Noticed a two-headed ogre (glowing shapeshifter)
  3812 | D:5      | a two-headed ogre changed into a slime creature
  3814 | D:5      | a slime creature changed into an orb spider
  3814 | D:5      | Noticed an orb spider (glowing shapeshifter)
  3818 | D:5      | XOM: enchant monster (bad)
  3819 | D:5      | an orb spider changed into a cyclops
  3819 | D:5      | Noticed a cyclops (glowing shapeshifter)
  3823 | D:5      | Killed a cyclops
  3824 | D:5      | Reached skill level 13 in Unarmed Combat
  3915 | D:6      | Found Owad's Antique Armour Shop.
  3923 | D:6      | Bought an embroidered hat for 175 gold pieces
  3926 | D:6      | Bought an embroidered scarf for 200 gold pieces
  4030 | D:6      | XOM: 1-stop teleportation journey
  4111 | D:6      | Found a shimmering altar of Xom.
  4228 | D:6      | Identified a scroll of acquirement
  4228 | D:6      | Acquired the ring of Recklessness {rC- Str+6 Int+3 Slay+4}
  4593 | D:7      | Found Oggeor's General Store.
  4620 | D:7      | Reached skill level 14 in Unarmed Combat
  4756 | D:7      | XOM: blink monster(s)
  4765 | D:7      | Reached skill level 1 in Evocations
  4765 | D:7      | Reached XP level 10. HP: 74/80 MP: 9/9
  4800 | D:7      | Noticed a cyclops
  4811 | D:7      | Killed a cyclops
  4816 | D:7      | Noticed a cyclops
  4818 | D:7      | Noticed a cyclops
  4826 | D:7      | Killed a cyclops
  4826 | D:7      | XOM: scenery: create altars
  4827 | D:7      | Mangled by a cyclops

Illustrated notes

Levels and vault maps discovered:
D:1:      dpeg_arrival_concentric_ovals, layout_rooms,
          hellmonk_ecumenical_altar_inner_sanctum
D:2:      layout_rooms, serial_shops, shop
D:3:      layout_basic, lemuel_tele_altar
D:4:      minmay_bubble_buster, layout_basic,
          minmay_temple_entry_statues_fountains, feat_on_display, uniq_ijyb
D:5:      layout_rooms, mainiacjoe_overflow_alcove_4,
          nicolae_qazlal_general_emergency, serial_undead, serial_undead_f,
          serial_undead_d, serial_undead_c, serial_undead_e,
          chequers_ossuary_entry_cave, kennysheep_cluttered_room, uniq_pikel
D:6:      layout_cave_pods, kennysheep_mini_moat, serial_shops,
          nicolae_shop_statue_plus, hangedman_abyss_or_decor_stabs,
          uniq_menkaure
D:7:      minmay_the_grid_octo_tiled_squarecenter [minmay_the_grid_octo_shrine,
          minmay_the_grid_octo_clover, minmay_the_grid_octo_teeth,
          minmay_the_grid_octo_chip,
          minmay_the_grid_square_5x5_megaprize_checkered,
          minmay_the_grid_square_5x5_spiral_small,
          minmay_the_grid_square_5x5_two_walls_a,
          minmay_the_grid_square_5x5_six, minmay_the_grid_square_5x5_longway],
          layout_gridville, mainiacjoe_overflow_boulevard, serial_shops,
          nicolae_shop_waterfront
Temple:   nicolae_temple_ecumenical_triangle

Skill      XL: |  1  2  3  4  5  6  7  8  9 10 |
---------------+-------------------------------+-----
Unarmed Combat | 4 5 6 8 9 12 14 | 14.4
Evocations     | 1 2 |  2.0
Fighting       | 3 |  3.4
Dodging        | |  1.9

Action                     |  1- 3 |  4- 6 |  7- 9 | 10-12 || total
---------------------------+-------+-------+-------+-------++-------
  Melee: Unarmed           |   118 |   122 |   331 |    12 ||   583
         Punch             |     2 |     3 |    19 |       ||    24
  Evoke: Piece from Xom's  |     4 |     1 |       |       ||     5
    Use: Scroll            |       |     2 |    11 |     1 ||    14
         Potion            |       |       |     1 |     1 ||     2
   Stab: Sleeping          |       |     1 |     1 |       ||     2
 Armour: Robe              |    55 |    65 |   139 |     1 ||   260
         Skin              |       |       |    21 |       ||    21
  Dodge: Dodged            |    58 |    39 |   136 |     4 ||   237
  Block: Other             |     5 |     1 |       |       ||     6

Table legend: (Time is in decaauts)
 A = Elapsed time spent in this place.
 B = Non-inter-level travel time spent in this place.
 C = Inter-level travel time spent in this place.
 D = Time resting spent in this place.
 E = Time spent auto-exploring this place.
 F = Levels seen in this place.
 G = Mean time per level.
                   A        B        C        D        E       F      G
               +--------+--------+--------+--------+--------+-----+--------+
         Total |   4744 |   4444 |    300 |    123 |   2906 |   9 |  527.1 |
       Dungeon |   4482 |   4195 |    287 |    123 |   2750 |   7 |  640.3 |
        Temple |     54 |     41 |     13 |      0 |     34 |   1 |   54.0 |
       Ossuary |    206 |    206 |      0 |      0 |    122 |   1 |  206.0 |
               +--------+--------+--------+--------+--------+-----+--------+

Top non-repeatable levels by time:
     D:6: 883 daAuts
     D:4: 881 daAuts
     D:5: 729 daAuts
     D:3: 719 daAuts
     D:2: 556 daAuts
     D:1: 496 daAuts
     D:7: 215 daAuts
 Ossuary: 206 daAuts
  Temple: 54 daAuts
